Map: Dusk Towers

Players

AcerNerchio (Nerchio) - Winner!

  • Race: Zerg Zerg

Apocalypse

  • Race: Terran Terran

Event: Gauntlet LotV Series 1 Qualifier 1

VOD

Have the link to the VOD?

Description

Time

  • Played on: Nov. 22, 2015, 9:04 p.m.
  • Length: 11:24

All games in this series

Show
View Real Time Build Order
Export as new Build Order

AcerNerchio Zerg - Winner!

Build Orders: Hatch First 

Get SALT Encoding   

  12  0:01  Drone  
  13  0:12  Overlord  
  13  0:17  Drone  
  14  0:30  Drone  
  14  0:31  Drone  
  14  0:34  Drone  
  17  0:52  Hatchery  
  17  0:55  Drone  
  17  0:58  Drone  
  18  1:12  Spawning Pool  
  18  1:14  Drone  
  18  1:18  Drone  
  19  1:23  Extractor  
  18  1:28  Drone  
  19  1:38  Overlord  
  19  1:59  Zergling x2, Queen  
  19  2:01  Zergling x2  
  23  2:03  Queen  
  23  2:04  Zergling x2  
  26  2:11  Drone  
  26  2:14  Drone  
  28  2:21  Drone  
  29  2:28  Metabolic Boost  
  29  2:29  Drone  
  30  2:32  Drone  
  30  2:37  Drone  
  32  2:45  Drone  
  32  2:46  Hatchery  
  32  2:50  Overlord  
  32  2:57  Drone  
  32  2:58  Drone  
  33  3:01  Queen  
  35  3:08  Drone x2  
  35  3:09  Drone  
  35  3:11  Drone  
  39  3:13  Drone  
  39  3:15  Drone  
  39  3:17  Drone  
  42  3:21  Overlord  
  42  3:27  Drone  
  42  3:28  Drone  
  42  3:29  Extractor  
  41  3:34  Drone  
  41  3:35  Drone  
  41  3:37  Roach Warren  
  41  3:39  Drone x2  
  45  3:41  Drone  
  45  3:43  Drone  
  45  3:45  Drone  
  47  3:50  Queen  
  47  3:53  Overlord  
  49  3:56  Zergling x2  
  49  3:59  Zergling x2  
  51  4:03  Zergling x2  
  51  4:09  Extractor  
  51  4:18  Roach x3  
  51  4:19  Roach x2  
  51  4:21  Overlord  
  51  4:22  Drone  
  51  4:23  Drone x4  
  66  4:31  Overlord  
  66  4:37  Overlord  
  66  4:42  Ravager x3  
  69  4:48  Drone  
  69  4:49  Drone x4  
  74  4:55  Drone x5  
  74  4:59  Overlord  
  79  5:01  Drone x3  
  79  5:03  Extractor  
  79  5:04  Overlord  
  81  5:08  Drone  
  81  5:09  Evolution Chamber  
  81  5:10  Evolution Chamber, Lair  
  81  5:12  Drone  
  81  5:17  Drone x2  
  81  5:20  Drone x2  
  81  5:21  Drone x2  
  87  5:25  Drone, Extractor  
  87  5:26  Drone, Extractor  
  87  5:27  Drone x3  
  87  5:28  Drone  
  91  5:31  Drone x2  
  91  5:33  Overlord  
  90  5:46  Drone  
  90  5:47  Drone x2  
  90  5:48  Overlord  
  90  5:49  Zerg Ground Armor Level 1  
  90  5:51  Zerg Melee Weapons Level 1  
  90  5:52  Drone  
  90  5:54  Drone  
  90  5:56  Drone x3  
  95  6:02  Drone x2  
  97  6:13  Glial Reconstitution  
  97  6:18  Spore Crawler x2  
  95  6:20  Hatchery  
  95  6:21  Infestation Pit, Roach  
  95  6:22  Roach x4  
  102  6:27  Spore Crawler  
  101  6:35  Zergling x14  
  101  6:39  Queen  
  110  6:45  Zergling x2  
  110  6:46  Zergling x2  
  110  6:50  Drone  
  110  6:51  Drone x7  
  114  6:58  Hive, Pathogen Glands  
  114  6:59  Drone  
  112  7:03  Overlord  
  114  7:08  Ravager x7  
  114  7:10  Overlord x2  
  114  7:12  Overlord  
  114  7:15  Overlord  
  119  7:16  Extractor  
  119  7:20  Spore Crawler  
  119  7:21  Overlord, Spore Crawler  
  116  7:26  Zergling x10  
  121  7:32  Zergling x2  
  122  7:40  Zergling x2  
  123  7:48  Zergling x16  
  123  7:51  Zergling x2  
  124  7:57  Zergling x4  
  110  8:00  Roach  
  110  8:01  Roach x3  
  110  8:04  Zerg Ground Armor Level 2  
  110  8:05  Zerg Melee Weapons Level 2  
  106  8:06  Infestor x2  
  106  8:09  Extractor  
  109  8:14  Adrenal Glands, Roach  
  109  8:15  Spore Crawler, Roach x6, Ultralisk Cavern  
  121  8:23  Ravager x4  
  124  8:35  Zergling x14  
  124  8:36  Zergling x6  
  124  8:37  Zergling x2  
  124  8:40  Hatchery, Overlord  
  117  9:06  Chitinous Plating  
  117  9:07  Ultralisk x3  
  134  9:14  Ultralisk  
  140  9:23  Ultralisk  
  146  9:27  Drone x4  
  146  9:28  Drone  
  151  9:35  Ultralisk  
  157  9:42  Overlord x2  
  157  9:43  Overlord  
  157  9:48  Overlord  
  157  9:58  Zergling x2  
  157  9:59  Zergling x20  
  168  10:00  Zergling x2  
  168  10:04  Zergling x6  
  168  10:05  Zergling x2  
  168  10:06  Zergling x2  
  174  10:08  Zergling x2  
  174  10:09  Zergling x4  
  177  10:16  Zergling x2  
  177  10:17  Zergling x12  
  184  10:23  Zergling x12  
  188  10:38  Spire  
  178  10:51  Zergling x6  
  178  10:52  Zergling x20  
  178  10:53  Zergling x2  
  173  10:59  Zergling x10  
  173  11:00  Zergling x2  
  166  11:04  Zergling x2  
  166  11:05  Zergling x8  
Show
View Real Time Build Order
Export as new Build Order

Apocalypse Terran 

Build Orders: Command Center First (CC), Liberator Opening, Bio Tank 

Get SALT Encoding   

  12  0:01  SCV  
  13  0:13  SCV  
  14  0:17  Supply Depot  
  14  0:25  SCV  
  15  0:39  SCV  
  16  0:51  SCV  
  17  1:03  Command Center, SCV  
  18  1:13  Barracks  
  18  1:17  SCV  
  19  1:22  Refinery  
  19  1:29  SCV  
  20  1:41  SCV  
  21  1:47  Refinery  
  21  1:53  SCV  
  22  2:00  Marine  
  23  2:05  Orbital Command  
  23  2:16  Orbital Command  
  23  2:18  Factory, Marine  
  24  2:30  Supply Depot  
  24  2:31  SCV  
  25  2:41  Barracks Reactor  
  25  2:42  SCV  
  25  2:43  SCV  
  27  2:54  SCV  
  26  2:59  SCV  
  26  3:01  Hellion  
  26  3:02  Starport  
  29  3:17  Marine  
  29  3:18  SCV  
  31  3:22  SCV  
  31  3:26  Hellion  
  32  3:30  SCV  
  32  3:39  Barracks Reactor  
  32  3:42  Medivac  
  32  3:43  SCV x2  
  32  3:47  Hellion  
  38  3:54  Liberator  
  38  3:55  SCV x2  
  38  3:56  Command Center  
  38  3:58  Supply Depot  
  40  4:07  SCV  
  40  4:08  SCV  
  45  4:19  Barracks  
  45  4:20  SCV x2, Barracks  
  45  4:23  Barracks Tech Lab  
  47  4:25  Factory Reactor  
  47  4:28  Refinery  
  47  4:32  SCV  
  47  4:33  SCV, Supply Depot  
  47  4:34  Bunker  
  49  4:44  SCV  
  49  4:45  SCV  
  51  4:47  Stimpack, Marauder  
  53  4:55  Supply Depot  
  53  4:56  SCV  
  53  4:57  SCV  
  55  5:02  Bunker  
  55  5:04  Starport Reactor  
  55  5:08  SCV  
  55  5:09  SCV, Refinery, Factory Tech Lab  
  55  5:10  Marine x2  
  55  5:11  Marauder  
  55  5:12  Orbital Command  
  61  5:17  Marine x2  
  61  5:20  SCV  
  64  5:27  Engineering Bay  
  64  5:28  Engineering Bay  
  64  5:29  SCV  
  64  5:32  Marauder, Orbital Command, Marine x2  
  64  5:34  SCV  
  70  5:41  SCV  
  70  5:42  Marine x2  
  73  5:46  Medivac x2  
  73  5:48  SCV  
  75  5:51  Siege Tank  
  75  5:54  Marauder  
  80  6:01  SCV x2  
  80  6:02  Marine x2  
  80  6:03  Terran Infantry Weapons Level 1  
  84  6:05  Terran Infantry Armor Level 1  
  84  6:11  SCV  
  85  6:13  Supply Depot  
  85  6:15  Supply Depot  
  85  6:25  Barracks  
  85  6:26  Barracks  
  85  6:35  SCV x3, Siege Tank, Marauder  
  85  6:36  Marine x2  
  85  6:39  Medivac x2  
  96  6:50  Marine x2  
  92  6:57  SCV x2  
  92  6:58  SCV  
  92  6:59  Refinery x2  
  92  7:01  Marauder, Marine x2  
  93  7:05  Factory  
  93  7:06  Armory  
  93  7:08  Supply Depot x2, Marine  
  94  7:09  SCV x2, Marine  
  94  7:12  Siege Tank  
  94  7:14  SCV  
  101  7:20  Barracks Reactor x2  
  101  7:29  Supply Depot x2, Marine x2  
  108  7:30  SCV x3, Marauder  
  108  7:35  Supply Depot  
  108  7:37  Supply Depot  
  108  7:39  Marine x2  
  108  7:41  Medivac  
  108  7:42  SCV x2  
  113  7:50  Marine x2  
  113  7:51  Marine  
  99  8:02  SCV, Marine  
  99  8:03  SCV, Marine x3  
  99  8:04  Factory Tech Lab, Siege Tank  
  106  8:06  Marine x2  
  106  8:07  SCV  
  106  8:08  Marine  
  106  8:09  Marauder  
  112  8:13  Combat Shields  
  112  8:14  SCV  
  113  8:20  Marine  
  113  8:23  Siege Tank  
  113  8:24  SCV x2  
  113  8:25  Terran Infantry Weapons Level 2, Terran Infantry Armor Level 2  
  113  8:26  Terran Vehicle Weapons Level 1  
  119  8:28  SCV  
  119  8:30  Marauder  
  119  8:31  Supply Depot  
  122  8:40  Marine x2  
  114  8:42  Marine x4  
  114  8:43  Marine x2  
  114  8:52  Marauder  
  90  8:57  SCV  
  90  8:58  Marine  
  90  8:59  Marine  
  90  9:00  SCV  
  90  9:01  SCV, Marine x2  
  90  9:02  Siege Tank  
  92  9:08  Marine x2  
  92  9:09  SCV  
  92  9:10  Marine x2  
  92  9:13  Marauder  
  96  9:17  Barracks  
  96  9:18  Barracks  
  96  9:21  Marine x2  
  96  9:22  Siege Tank, Barracks  
  101  9:30  SCV  
  101  9:31  SCV, Medivac x2  
  103  9:34  Marine x2  
  103  9:35  Marauder  
  103  9:36  Marine  
  103  9:37  Marine x2  
  114  9:38  Marine  
  114  9:39  Marine  
  114  9:41  Siege Tank  
  119  9:50  Supply Depot  
  119  9:51  Supply Depot  
  119  9:54  Marine x3  
  119  9:56  Marauder  
  119  9:57  SCV  
  125  10:03  Marine x3  
  125  10:05  Marine  
  125  10:06  Marine  
  130  10:13  Marine  
  131  10:17  Marauder  
  131  10:18  Marine  
  131  10:20  Command Center  
  134  10:22  Barracks Reactor, Marine  
  132  10:28  Medivac x2  
  132  10:31  Marine  
  132  10:34  Barracks Tech Lab, Marine x2  
  122  10:35  Marine  
  122  10:39  Barracks Tech Lab, Marauder  
  122  10:41  Supply Depot  
  125  10:46  Marine x2  
  96  11:03  Marine x2  
  96  11:04  Marine x2  
Tags
 
Add a new tag
Caveats
  • Supply blocks, unpowered buildings, or Contaminate may cause inaccurate times.
  • Supply counts are checked every 10 seconds.